[Event "Titled Tuesday Blitz September 27 Early 2022"]
[White "Svane, Frederik"]
[Black "Perera Alfonso, Rene Humberto"]
[WhiteFideId "12923044"]
[BlackFideId "3514722"]
[WhiteElo "2459"]
[BlackElo "2313"]
[Result "1-0"]
[Round "02"]
[TimeControl "180+1"]
[Date "2022.09.27"]
[WhiteClock "0:01:32"]
[BlackClock "0:02:01"]

1. c4 e5 2. d3 Nc6 3. g3 f5 4. Bg2 Nf6 5. Nc3 Bc5 6. e3 f4 7. exf4 O-O 8. Nge2 d6 9. O-O Qe8 10. fxe5 dxe5 11. Be3 Bxe3 12. fxe3 Qh5 13. Nd5 Bg4 14. Nxf6+ Rxf6 15. Rxf6 Bxe2 16. Qb3 Na5 17. Qb5 gxf6 18. Qxa5 Bxd3 19. Qd5+ Kh8 20. Qxd3 1-0


[Site "https://www.chess.com"]

[Event "Titled Tuesday Blitz September 27 Early 2022"]
[White "Svane, Rasmus"]
[Black "Prraneeth Vuppala"]
[WhiteFideId "4657101"]
[BlackFideId "46622373"]
[WhiteElo "2674"]
[BlackElo "2073"]
[Result "1-0"]
[Round "02"]
[TimeControl "180+1"]
[Date "2022.09.27"]
[WhiteClock "0:00:10"]
[BlackClock "0:00:09"]

1. Nf3 d5 2. g3 c6 3. Bg2 Bg4 4. O-O Nd7 5. h3 Bxf3 6. Bxf3 e5 7. d3 Bd6 8. e4 Ne7 9. Nc3 d4 10. Nb1 O-O 11. a4 h6 12. Bg2 a6 13. a5 Bb4 14. Bd2 Bxd2 15. Nxd2 c5 16. f4 Nc6 17. Nc4 b5 18. axb6 Nxb6 19. Nxe5 Nxe5 20. fxe5 Nd7 21. e6 fxe6 22. e5 Ra7 23. Qg4 Qe7 24. Rxf8+ Nxf8 25. Be4 Qc7 26. Qf4 Qe7 27. h4 a5 28. b3 Qe8 29. Qd2 a4 30. bxa4 Rxa4 31. Rf1 Ra7 32. Kh2 Rf7 33. Rxf7 Qxf7 34. Kg2 Nd7 35. Qa5 g6 36. Qc7 Kg7 37. Qd6 g5 38. hxg5 hxg5 39. Bc6 Nf8 40. Qxc5 Ng6 41. Qxd4 Qc7 42. Qd6 Qb6 43. Qxe6 Qe3 44. Qf6+ Kh6 45. Be4 Qe2+ 46. Qf2 Qd1 47. Bxg6 Kxg6 48. Qf6+ Kh5 49. Qf3+ Qxf3+ 50. Kxf3 1-0


[Site "https://www.chess.com"]

[Event "Titled Tuesday Blitz September 27 Early 2022"]
[White "Sztokbant, Bernardo Vainzoff"]
[Black "Levitskiy, Andrey"]
[WhiteFideId "2115956"]
[BlackFideId "14132885"]
[WhiteElo "2172"]
[BlackElo "2303"]
[Result "1-0"]
[Round "02"]
[TimeControl "180+1"]
[Date "2022.09.27"]
[WhiteClock "0:00:03"]
[BlackClock "0:00:06"]

1. c4 e5 2. Nc3 Bb4 3. g3 Bxc3 4. dxc3 d6 5. Bg2 Ne7 6. e4 Nbc6 7. Ne2 Be6 8. b3 Qd7 9. h3 O-O 10. Be3 f5 11. exf5 Nxf5 12. Qd2 a5 13. a4 Rab8 14. O-O-O Nce7 15. f4 Bxc4 16. bxc4 Qxa4 17. Bf2 b5 18. c5 b4 19. Qc2 b3 20. Qb2 Qc4 21. g4 a4 22. gxf5 a3 23. Qxa3 b2+ 24. Kb1 Qxe2 25. cxd6 cxd6 26. Bh4 Nxf5 27. Bd5+ Kh8 28. Rhe1 Qh2 29. fxe5 Nxh4 30. exd6 Qxh3 31. Be4 Qg4 32. Bc2 Nf3 33. Rh1 h6 34. d7 Rfd8 35. Qe7 Qg5 36. Qf7 Nd2+ 37. Rxd2 Qxd2 38. Qg6 Kg8 39. Qh7+ Kf7 40. Rf1+ Ke7 41. Qxg7+ Kd6 42. Rd1 Qxd1+ 43. Bxd1 Rxd7 44. Qg3+ Kc6 45. Qxb8 Rxd1+ 46. Kxb2 Rd6 47. Qe8+ Kd5 48. Qg8+ Kc5 49. Qg1+ Kc6 50. Qe3 Kc7 51. Qe5 Kd7 52. c4 Rc6 53. Kc3 Re6 54. Qf5 Ke7 55. Kb4 Rf6 56. Qe5+ Re6 57. Qg7+ Kd6 58. c5+ Kc6 59. Qg2+ Kc7 60. Qg3+ Kd7 61. Kb5 Rf6 62. Qg7+ Ke6 63. c6 Rf5+ 64. Kb6 Rf1 65. Qxh6+ Kd5 66. Qh5+ Kd4 67. Qg4+ Kd3 68. Qg3+ Ke2 69. Qg4+ Rf3 70. Qxf3+ Kxf3 71. c7 1-0


[Site "https://www.chess.com"]

[Event "Titled Tuesday Blitz September 27 Early 2022"]
[White "Tari, Aryan"]
[Black "Bykov, Egor"]
[WhiteFideId "1510045"]
[BlackFideId "34115290"]
[WhiteElo "2612"]
[BlackElo "2192"]
[Result "0-1"]
[Round "02"]
[TimeControl "180+1"]
[Date "2022.09.27"]
[WhiteClock "0:00:05"]
[BlackClock "0:00:16"]

1. d4 Nf6 2. Nf3 e6 3. g3 b5 4. Bg2 Bb7 5. O-O c5 6. c3 Be7 7. a4 cxd4 8. axb5 dxc3 9. bxc3 O-O 10. Nbd2 d6 11. Nb3 a6 12. Na5 Be4 13. Qb3 Nbd7 14. Nc6 Bxc6 15. bxc6 Nc5 16. Qa2 e5 17. Nh4 Qc8 18. Be3 Nfe4 19. Bxe4 Nxe4 20. Nf5 Qxf5 21. Qd5 Nxc3 22. Qc4 Nb5 23. Bb6 Qe6 24. Qc2 Rfc8 25. Rfc1 d5 26. Ba5 Na3 27. Qa4 Nc4 28. c7 h5 29. e4 Nxa5 30. Qxa5 dxe4 31. Rab1 Bd6 32. Rc6 Qe7 33. Rbc1 h4 34. Qd5 Ba3 35. R1c4 hxg3 36. hxg3 Ra7 37. Qa5 Bd6 38. Qd5 Raxc7 39. Rxc7 Rxc7 40. Qa8+ Qf8 41. Qxe4 Rxc4 42. Qxc4 a5 43. Qa6 Bb4 44. Kg2 g6 45. g4 Qe7 46. f3 Kg7 47. Qc8 Qc5 48. Qa8 Qc2+ 49. Kh3 a4 50. g5 Qf5+ 51. Kh4 Be1# 0-1


[Site "https://www.chess.com"]

[Event "Titled Tuesday Blitz September 27 Early 2022"]
[White "Terzi, Alexei"]
[Black "Bowden, Karl"]
[WhiteFideId "13505076"]
[BlackFideId "400548"]
[WhiteElo "2031"]
[BlackElo "2473"]
[Result "1-0"]
[Round "02"]
[TimeControl "180+1"]
[Date "2022.09.27"]
[WhiteClock "0:01:05"]
[BlackClock "0:00:26"]

1. e4 e5 2. Nf3 d5 3. Nxe5 Bd6 4. d4 dxe4 5. Bf4 Ne7 6. Bc4 Bxe5 7. Bxe5 O-O 8. Bg3 Nf5 9. c3 Qg5 10. O-O Nxg3 11. hxg3 e3 12. Qf3 exf2+ 13. Qxf2 Nc6 14. Nd2 Qg6 15. Rae1 Bg4 16. Ne4 Kh8 17. Nc5 b6 18. Nd3 f6 19. Nf4 Qg5 20. Bd5 Bd7 21. Bxc6 Bxc6 22. Ne6 Qg6 23. Nxf8 Rxf8 24. Re7 Rc8 25. Rfe1 h5 26. a3 Kh7 27. Rf1 Bb5 28. Rfe1 Bc6 29. R1e6 Bd5 30. Rxf6 Qb1+ 31. Kh2 1-0


[Site "https://www.chess.com"]

[Event "Titled Tuesday Blitz September 27 Early 2022"]
[White "Thiel, Thomas"]
[Black "Player, Edmund C"]
[WhiteFideId "4615964"]
[BlackFideId "406520"]
[WhiteElo "2202"]
[BlackElo "2092"]
[Result "0-1"]
[Round "02"]
[TimeControl "180+1"]
[Date "2022.09.27"]
[WhiteClock "0:01:31"]
[BlackClock "0:01:36"]

1. e4 e6 2. d4 d5 3. Nc3 Nf6 4. Bg5 dxe4 5. Nxe4 Be7 6. Bxf6 gxf6 7. g3 b6 8. Bg2 c6 9. Ne2 Bb7 10. O-O Nd7 11. Nf4 f5 12. Nc3 Nf6 13. Re1 Qc7 14. d5 cxd5 15. Nb5 Qc5 16. Nd4 Ne4 17. Ndxe6 fxe6 18. Nxe6 Qxf2+ 19. Kh1 Bc5 20. Nc7+ Kd7 21. Nxd5 Qg1+ 0-1


[Site "https://www.chess.com"]

[Event "Titled Tuesday Blitz September 27 Early 2022"]
[White "Timofeev, Artyom"]
[Black "Erenberg, Ariel"]
[WhiteFideId "4140419"]
[BlackFideId "2811634"]
[WhiteElo "2579"]
[BlackElo "2243"]
[Result "1-0"]
[Round "02"]
[TimeControl "180+1"]
[Date "2022.09.27"]
[WhiteClock "0:00:04"]
[BlackClock "0:00:02"]

1. e4 e5 2. Nf3 Nc6 3. Bb5 a6 4. Ba4 Nf6 5. d3 b5 6. Bb3 Be7 7. O-O O-O 8. Re1 d6 9. c3 Na5 10. Bc2 c5 11. Nbd2 Qc7 12. Nf1 Nc6 13. Ng3 Be6 14. h3 h6 15. Nh4 Rfe8 16. Nhf5 Bf8 17. Qf3 Nh7 18. h4 Rad8 19. a4 d5 20. axb5 axb5 21. Ne3 Nd4 22. cxd4 cxd4 23. exd5 Bc8 24. Bb3 dxe3 25. Bxe3 Nf6 26. Ne4 Nxd5 27. Bxd5 Rxd5 28. Nf6+ gxf6 29. Qxd5 Be6 30. Qf3 f5 31. Rac1 Qd8 32. Qg3+ Kh7 33. Qxe5 Qxh4 34. Bd4 Rd8 35. Qh8+ Kg6 36. Be5 f6 37. Bg3 Qd4 38. Rxe6 Be7 39. Qxd8 Qxd8 40. d4 Bb4 41. Rd1 Qd5 42. Re3 Ba5 43. Bf4 Bb6 44. g3 b4 45. b3 Kh5 46. Kh2 Bd8 47. Red3 Bb6 48. Be3 Kg4 49. Rf1 Bc7 50. Bxh6 f4 51. f3+ Kf5 52. Bxf4 Bxf4 53. gxf4 Kxf4 54. Rfd1 Qh5+ 55. Kg1 Qg6+ 56. Kf1 Qg3 57. R1d2 Qh3+ 58. Ke2 Qg2+ 59. Kd1 Qh1+ 60. Kc2 Qh7 61. Rd1 Qc7+ 62. Kb1 Qd6 63. d5 f5 64. Kb2 Kg5 65. Rd4 Kf6 66. f4 Ke7 67. Rc4 Kd7 68. Rd3 Qf6+ 69. Rdd4 Qb6 70. Rxb4 1-0


[Site "https://www.chess.com"]

[Event "Titled Tuesday Blitz September 27 Early 2022"]
[White "Torres Boch, Jose Francisco"]
[Black "Skuhala, Barbara"]
[WhiteFideId "2278383"]
[BlackFideId "14605465"]
[WhiteElo "2088"]
[BlackElo "2155"]
[Result "0-1"]
[Round "02"]
[TimeControl "180+1"]
[Date "2022.09.27"]
[WhiteClock "0:00:05"]
[BlackClock "0:00:29"]

1. e4 c5 2. Nf3 d6 3. d4 cxd4 4. Nxd4 Nf6 5. Nc3 a6 6. Bg5 e6 7. f4 h6 8. Bh4 Qb6 9. Qd2 Nc6 10. Nb3 Be7 11. O-O-O Qc7 12. Bf2 b5 13. a3 Bb7 14. Be2 Rc8 15. g4 b4 16. axb4 Nxb4 17. Qd4 a5 18. Bb5+ Bc6 19. Bxc6+ Nxc6 20. Qb6 Nb4 21. Qxc7 Rxc7 22. Bb6 Rc8 23. Bxa5 Nc6 24. Bb6 O-O 25. h4 Rb8 26. Bf2 Rfc8 27. g5 Ng4 28. Bg3 h5 29. f5 Ne3 30. Rd3 Nc4 31. Rf1 Nb4 32. Rdf3 e5 33. f6 gxf6 34. gxf6 Bf8 35. Be1 Bh6+ 36. Kb1 Kf8 37. Rf5 Ke8 38. Rxh5 Bf4 39. Rh7 Ne3 40. Rg1 Nbxc2 41. Bd2 Rxb3 42. Rg8+ Kd7 43. Rxf7+ Ke6 44. Rgg7 Re8 45. Re7+ Rxe7 46. fxe7 Kd7 47. Bxe3 Nxe3 48. Ka2 Rb8 49. Na4 Nc4 50. b3 Nb6 51. Nc3 Ra8+ 52. Kb2 Be3 53. Kc2 Bd4 54. Nb5 Bc5 55. Kd3 Re8 56. h5 Nc8 57. h6 Rh8 58. h7 Nxe7 59. Nc3 Ke6 60. Ne2 Kf6 61. Rg2 Rxh7 62. Kc4 Rh3 63. b4 Ba7 64. Nc3 Bd4 65. Nb5 Ke6 66. Nxd4+ exd4 67. Kxd4 Nc6+ 68. Kc4 Re3 69. Rg4 Ne5+ 70. Kd4 Nxg4 0-1


[Site "https://www.chess.com"]

[Event "Titled Tuesday Blitz September 27 Early 2022"]
[White "Urazayev, Arystanbek"]
[Black "Melikhov, Evgeny V."]
[WhiteFideId "13709810"]
[BlackFideId "4122046"]
[WhiteElo "2441"]
[BlackElo "1963"]
[Result "1-0"]
[Round "02"]
[TimeControl "180+1"]
[Date "2022.09.27"]
[WhiteClock "0:00:49"]
[BlackClock "0:00:13"]

1. e4 e5 2. Nf3 Nc6 3. Bc4 Nf6 4. d3 Be7 5. Nc3 d6 6. a4 a5 7. h3 O-O 8. O-O Be6 9. Bg5 h6 10. Bxf6 Bxf6 11. Nd5 Bxd5 12. Bxd5 Qd7 13. c3 Rab8 14. Nh2 Ne7 15. Bb3 Ng6 16. Ng4 Bg5 17. Ne3 Kh7 18. Qg4 Qxg4 19. hxg4 Bxe3 20. fxe3 f6 21. Be6 Nh8 22. b4 b6 23. Rfb1 Ra8 24. Bd5 Ra7 25. b5 Nf7 26. d4 Ng5 27. c4 Rd8 28. c5 Rf8 29. cxb6 cxb6 30. Rc1 Rb8 31. Rc6 Rd7 32. Rac1 exd4 33. exd4 Re7 34. Rc7 Rxc7 35. Rxc7 Re8 36. Bc6 Rb8 37. Rd7 Re8 38. Rb7 Rc8 39. Rxb6 Rc7 40. Bd5 Rc1+ 41. Kh2 Ra1 42. Rxd6 Rxa4 43. b6 Rxd4 44. Bg8+ 1-0


[Site "https://www.chess.com"]

[Event "Titled Tuesday Blitz September 27 Early 2022"]
[White "Urbina Perez, Juan Antonio"]
[Black "Zaichenko, Daria"]
[WhiteFideId "2217368"]
[BlackFideId "4197453"]
[WhiteElo "2197"]
[BlackElo "2039"]
[Result "1-0"]
[Round "02"]
[TimeControl "180+1"]
[Date "2022.09.27"]
[WhiteClock "0:00:21"]
[BlackClock "0:00:01"]

1. d4 d5 2. Nf3 Bf5 3. g3 e6 4. Bg2 c5 5. O-O Nc6 6. c4 dxc4 7. Qa4 Bd6 8. dxc5 Bc7 9. Nd4 Qxd4 10. Bxc6+ Ke7 11. Bxb7 Rd8 12. Nc3 Nf6 13. Be3 Qg4 14. Qxa7 Qg6 15. Bg2 Ne8 16. c6 f6 17. Rad1 Kf8 18. Bc5+ Kg8 19. Rxd8 Bxd8 20. Rd1 Bc7 21. Rd7 h5 22. Rxc7 Nxc7 23. Qxc7 h4 24. Qf4 e5 25. Qxc4+ Kh7 26. c7 Qg5 27. Be4 Qc1+ 28. Kg2 h3+ 29. Kf3 Qg5 30. Bxf5+ Qxf5+ 31. Ke3 g5 32. Qe4 Kg6 33. Bb6 Qxe4+ 34. Nxe4 f5 35. Nd6 f4+ 36. Ke4 fxg3 37. fxg3 Rf8 38. c8=Q Rxc8 39. Nxc8 Kh5 40. Kf5 e4 41. g4+ Kh4 42. Bf2# 1-0


[Site "https://www.chess.com"]

[Event "Titled Tuesday Blitz September 27 Early 2022"]
[White "Vachylia, Andrii"]
[Black "Barash, Anton"]
[WhiteFideId "14137224"]
[BlackFideId "30935229"]
[WhiteElo "2318"]
[BlackElo "2252"]
[Result "1-0"]
[Round "02"]
[TimeControl "180+1"]
[Date "2022.09.27"]
[WhiteClock "0:01:46"]
[BlackClock "0:00:44"]

1. e4 e6 2. d4 d5 3. Nc3 Bb4 4. e5 c5 5. a3 Bxc3+ 6. bxc3 Ne7 7. a4 Qa5 8. Bd2 Nbc6 9. Nf3 Bd7 10. Bd3 c4 11. Be2 O-O-O 12. O-O h6 13. h4 f6 14. exf6 gxf6 15. Qe1 e5 16. dxe5 fxe5 17. Nh2 Rdg8 18. Kh1 Nf5 19. g3 Qc7 20. Bf3 e4 21. Bg2 1-0


[Site "https://www.chess.com"]

[Event "Titled Tuesday Blitz September 27 Early 2022"]
[White "Vagman, Roy"]
[Black "Papasimakopoulos, Alexandros"]
[WhiteFideId "2828995"]
[BlackFideId "4244125"]
[WhiteElo "1945"]
[BlackElo "2357"]
[Result "0-1"]
[Round "02"]
[TimeControl "180+1"]
[Date "2022.09.27"]
[WhiteClock "0:00:08"]
[BlackClock "0:00:28"]

1. e4 e6 2. d4 d5 3. exd5 exd5 4. Bd3 Nc6 5. c3 Bd6 6. Nf3 Bg4 7. Qe2+ Nge7 8. O-O Qd7 9. Bg5 f6 10. Bh4 O-O-O 11. b4 h5 12. Bg3 g5 13. Bxd6 Qxd6 14. a4 Bd7 15. a5 Rde8 16. b5 Nd8 17. b6 Nec6 18. bxa7 Nxa7 19. Qc2 h4 20. h3 g4 21. hxg4 Bxg4 22. Bf5+ Bxf5 23. Qxf5+ Kb8 24. Nbd2 Reg8 25. Rfe1 h3 26. g4 Nac6 27. c4 Ne7 28. Rxe7 Qxe7 29. a6 Qe6 30. Qxe6 Nxe6 31. cxd5 Rxg4+ 32. Kh1 Nf4 33. a7+ Ka8 34. d6 Nd3 35. Rf1 cxd6 36. Nc4 Kxa7 37. Nxd6 Rf4 38. Nd2 Nxf2+ 39. Kh2 Ng4+ 40. Kg3 Rxf1 41. Nxf1 h2 42. Nxh2 Nxh2 43. Nf7 Rh7 44. Nd8 Nf1+ 45. Kg2 Ne3+ 46. Kf3 Nf5 47. Ne6 Re7 48. d5 Rxe6 49. dxe6 Nd4+ 50. Ke4 Nxe6 51. Kf5 Kb6 52. Kxf6 Kc5 53. Kxe6 b5 54. Ke5 Kc4 55. Ke4 Kc3 56. Ke3 b4 57. Ke2 Kc2 0-1


[Site "https://www.chess.com"]

[Event "Titled Tuesday Blitz September 27 Early 2022"]
[White "Vaibhav Jayant Raut"]
[Black "Gevorgyan, David Sh."]
[WhiteFideId "5089034"]
[BlackFideId "13303244"]
[WhiteElo "2122"]
[BlackElo "2235"]
[Result "0-1"]
[Round "02"]
[TimeControl "180+1"]
[Date "2022.09.27"]
[WhiteClock "0:00:11"]
[BlackClock "0:00:36"]

1. d4 Nf6 2. c4 e6 3. Nf3 d5 4. e3 Be7 5. Be2 O-O 6. O-O b6 7. b3 Bb7 8. Bb2 c5 9. Nbd2 Nc6 10. dxc5 Bxc5 11. cxd5 Nxd5 12. Rc1 Rc8 13. Ne4 Be7 14. a3 Nf6 15. Qxd8 Rfxd8 16. Nxf6+ Bxf6 17. Bxf6 gxf6 18. Rfd1 Rxd1+ 19. Bxd1 Ne5 20. Rxc8+ Bxc8 21. Nd4 Bd7 22. Kf1 Kf8 23. Ke2 Ke7 24. Kd2 Nc6 25. Kc3 Nxd4 26. Kxd4 Kd6 27. Bh5 e5+ 28. Kc3 Be6 29. b4 a5 30. g3 h6 31. Bf3 f5 32. Be2 Kd5 33. f3 Kc6 34. Bc4 Bxc4 35. Kxc4 b5+ 36. Kc3 a4 37. Kd3 Kd5 38. e4+ fxe4+ 39. fxe4+ Ke6 40. Ke3 Kf6 41. Kf3 Kg5 42. h4+ Kh5 43. Ke3 Kg4 44. Kf2 h5 45. Kg2 f6 46. Kf2 f5 47. exf5 Kxf5 48. Kf3 e4+ 49. Ke3 Kg4 50. Kxe4 Kxg3 51. Ke3 Kxh4 52. Kf4 Kh3 53. Kf3 h4 54. Kf2 Kg4 55. Kg2 Kf4 56. Kh3 Ke4 57. Kxh4 Kd4 58. Kg4 Kc4 59. Kf3 Kb3 60. Ke2 Kxa3 61. Kd1 Kxb4 62. Kc1 Kb3 63. Kb1 b4 64. Ka1 Kc2 65. Ka2 b3+ 66. Ka3 b2 67. Kxa4 b1=Q 0-1


[Site "https://www.chess.com"]

[Event "Titled Tuesday Blitz September 27 Early 2022"]
[White "Valle Maytin, Luis Enrique"]
[Black "Martin Carmona, Gaston Manuel"]
[WhiteFideId "3503666"]
[BlackFideId "22284567"]
[WhiteElo "2225"]
[BlackElo "2162"]
[Result "0-1"]
[Round "02"]
[TimeControl "180+1"]
[Date "2022.09.27"]
[WhiteClock "0:02:00"]
[BlackClock "0:02:51"]

1. e4 c5 2. Nf3 d6 3. d4 cxd4 4. Nxd4 Nf6 5. Nc3 g6 6. Bg5 Bg7 7. f3 O-O 8. Bc4 Nc6 9. Nde2 Ne5 10. Bb3 Qa5 11. O-O Nxf3+ 12. Rxf3 Qxg5 13. Ng3 Qc5+ 14. Rf2 Ng4 15. Qf3 Nxf2 0-1


[Site "https://www.chess.com"]

[Event "Titled Tuesday Blitz September 27 Early 2022"]
[White "Vargas, Mauricio"]
[Black "Omariev, Maksim"]
[WhiteFideId "4404572"]
[BlackFideId "4193423"]
[WhiteElo "2004"]
[BlackElo "2435"]
[Result "1-0"]
[Round "02"]
[TimeControl "180+1"]
[Date "2022.09.27"]
[WhiteClock "0:01:53"]
[BlackClock "0:00:24"]

1. e4 c5 2. Nc3 d6 3. f4 Nc6 4. Nf3 g6 5. Bb5 Bd7 6. Bxc6 Bxc6 7. O-O Bg7 8. d3 Nf6 9. Qe1 O-O 10. Qh4 e6 11. f5 exf5 12. Bh6 fxe4 13. Ng5 Re8 14. Bxg7 Kxg7 15. Rxf6 Qxf6 16. Rf1 Qd4+ 17. Kh1 h6 18. Rxf7+ Kg8 19. Qxh6 Re6 20. Qh7# 1-0


[Site "https://www.chess.com"]

[Event "Titled Tuesday Blitz September 27 Early 2022"]
[White "Vlassov, Nikolai"]
[Black "Le, Tuan Minh"]
[WhiteFideId "4103360"]
[BlackFideId "12401153"]
[WhiteElo "2324"]
[BlackElo "2530"]
[Result "1-0"]
[Round "02"]
[TimeControl "180+1"]
[Date "2022.09.27"]
[WhiteClock "0:00:22"]
[BlackClock "0:00:01"]

1. e4 c5 2. c3 Nf6 3. e5 Nd5 4. d4 cxd4 5. cxd4 Nc6 6. Nc3 Nxc3 7. bxc3 d6 8. f4 g6 9. Nf3 Bg7 10. Bd3 O-O 11. O-O Be6 12. Ng5 dxe5 13. Nxe6 fxe6 14. dxe5 Qa5 15. Qe1 Rad8 16. Be4 Qa4 17. Bb2 Bh6 18. g3 Nxe5 19. fxe5 Rxf1+ 20. Kxf1 Rd2 21. Bc1 Qc4+ 22. Kg1 Re2 23. Bxh6 Rxe1+ 24. Rxe1 Qxc3 25. Rf1 Qd4+ 26. Rf2 b5 27. Bb7 g5 28. Kg2 Qd8 29. Bc6 a5 30. Bd7 Qa8+ 31. Kh3 1-0


[Site "https://www.chess.com"]

[Event "Titled Tuesday Blitz September 27 Early 2022"]
[White "Vovk, Orest"]
[Black "Seo, Jung Min"]
[WhiteFideId "14113490"]
[BlackFideId "1734687"]
[WhiteElo "2203"]
[BlackElo "2455"]
[Result "0-1"]
[Round "02"]
[TimeControl "180+1"]
[Date "2022.09.27"]
[WhiteClock "0:00:20"]
[BlackClock "0:00:48"]

1. h4 d5 2. h5 e5 3. h6 Nxh6 4. d4 e4 5. Bxh6 gxh6 6. e3 c6 7. c4 Be6 8. Qb3 Qb6 9. Nc3 Qxb3 10. axb3 Nd7 11. Nge2 dxc4 12. Nf4 cxb3 13. Nxe6 fxe6 14. Bc4 e5 15. Rh4 exd4 16. Rxe4+ Kd8 17. Rxd4 Bg7 18. Rd3 Kc7 19. Bxb3 Nc5 20. Bc2 Nxd3+ 21. Bxd3 b5 22. O-O-O Bxc3 23. bxc3 Rad8 24. Kc2 a5 25. Rh1 Rd6 26. e4 Rg6 27. g3 Rf8 28. Rh2 a4 29. e5 Rg5 30. f4 Rxg3 31. f5 Re3 32. e6 Rxd3 33. Kxd3 Rxf5 34. Rxh6 Kd6 35. e7+ Kxe7 36. Rxc6 h5 37. Rb6 Kd7 38. c4 Kc7 39. Ra6 bxc4+ 40. Kxc4 h4 41. Rh6 Rf4+ 42. Kc3 Kd7 43. Kb2 Ke7 44. Ka3 Kf7 45. Rh5 Kg6 46. Rh8 Kg5 47. Rg8+ Kf5 48. Rh8 Kg4 49. Rg8+ Kf3 50. Rh8 Kg3 51. Rg8+ Rg4 52. Rc8 h3 53. Rc3+ Kh4 54. Rc2 Rf4 55. Rd2 Kg3 0-1


[Site "https://www.chess.com"]

[Event "Titled Tuesday Blitz September 27 Early 2022"]
[White "Wagner, Dennis"]
[Black "Ozates, Tuna"]
[WhiteFideId "24650684"]
[BlackFideId "6354521"]
[WhiteElo "2355"]
[BlackElo "1887"]
[Result "0-1"]
[Round "02"]
[TimeControl "180+1"]
[Date "2022.09.27"]
[WhiteClock "0:00:01"]
[BlackClock "0:00:38"]

1. e4 Nf6 2. e5 Nd5 3. d4 d6 4. c4 Nb6 5. exd6 exd6 6. Bd3 Be7 7. Ne2 Bg4 8. Nbc3 O-O 9. O-O Nc6 10. Be3 Bf6 11. f3 Bh5 12. Qd2 Bg6 13. Be4 Nxc4 14. Qd3 Nxe3 15. Qxe3 Re8 16. Nd5 Bg5 17. Qf2 f5 18. Bc2 Bf7 19. Bb3 Na5 20. Nec3 Nxb3 21. axb3 c6 22. f4 Bh4 23. g3 Bxd5 24. Nxd5 Bxg3 25. hxg3 cxd5 26. Ra4 Re4 27. Rfa1 Qb6 28. R1a3 a6 29. Kh2 Rae8 30. Kh3 Re2 31. Qf3 R8e6 32. Qxd5 Kh8 33. Kh4 Qd8+ 34. Kh5 Rh6# 0-1


[Site "https://www.chess.com"]

[Event "Titled Tuesday Blitz September 27 Early 2022"]
[White "Weetik, Vjacheslav"]
[Black "Evdokimov, Alexey"]
[WhiteFideId "4153472"]
[BlackFideId "24162450"]
[WhiteElo "2469"]
[BlackElo "2147"]
[Result "1-0"]
[Round "02"]
[TimeControl "180+1"]
[Date "2022.09.27"]
[WhiteClock "0:00:40"]
[BlackClock "0:00:01"]

1. d4 Nf6 2. Bf4 g6 3. Nf3 Bg7 4. e3 O-O 5. c4 d6 6. Nc3 c5 7. dxc5 dxc5 8. Qc2 Nc6 9. a3 Bf5 10. Qb3 Na5 11. Qa4 Bd7 12. Qc2 Bf5 13. e4 Bg4 14. Ne5 Be6 15. Be2 Rc8 16. O-O Nc6 17. Nxc6 Rxc6 18. Be5 a6 19. f4 Ng4 20. Bxg7 Kxg7 21. Bxg4 Bxg4 22. Nd5 Be6 23. Rad1 Bxd5 24. cxd5 Rc8 25. e5 b5 26. f5 c4 27. d6 exd6 28. Rxd6 Qc7 29. Kh1 Qc5 30. Qc3 Kg8 31. Rd7 Rce8 32. e6 Qb6 33. Qf6 Rd8 34. exf7+ 1-0


[Site "https://www.chess.com"]

[Event "Titled Tuesday Blitz September 27 Early 2022"]
[White "Winterberg, Lukas"]
[Black "Kvaloy, Aksel Bu"]
[WhiteFideId "24622702"]
[BlackFideId "1528815"]
[WhiteElo "2349"]
[BlackElo "1998"]
[Result "1-0"]
[Round "02"]
[TimeControl "180+1"]
[Date "2022.09.27"]
[WhiteClock "0:00:26"]
[BlackClock "0:00:10"]

1. Nf3 d5 2. b3 Nf6 3. Bb2 e6 4. c4 Be7 5. g3 O-O 6. Bg2 b6 7. O-O Bb7 8. d3 c5 9. Nc3 Nc6 10. e3 a6 11. Qe2 Qc7 12. Rad1 d4 13. exd4 cxd4 14. Nb1 e5 15. Nxe5 Nxe5 16. Bxb7 Qxb7 17. Qxe5 Bc5 18. Rfe1 h5 19. Bxd4 h4 20. Bxc5 h3 21. f3 Qxf3 22. Qe2 Qxe2 23. Rxe2 bxc5 24. Nc3 Rfe8 25. Ne4 Nxe4 26. Rxe4 Rxe4 27. dxe4 Re8 28. Re1 Rd8 29. Kf2 f6 30. Kf3 Kf7 31. Re2 Ke6 32. Kg4 Rh8 33. Kf4 g5+ 34. Kg4 Ke5 35. Rf2 Rh6 36. Rf5+ Kxe4 37. Rxc5 Rh8 38. Rf5 Rf8 39. c5 Rf7 40. c6 Ke3 41. b4 Ke4 42. a4 Kd4 43. b5 axb5 44. axb5 Rc7 45. Rxf6 Kc5 46. Rf5+ Kb6 47. Kxg5 Rg7+ 48. Kf4 Rg8 49. g4 Re8 50. g5 Re2 51. Kg3 Re3+ 52. Kg4 Re2 53. Kxh3 Re3+ 54. Kg4 Re4+ 55. Kh5 Re8 56. h4 Rh8+ 57. Kg4 Re8 58. g6 Re4+ 59. Kg5 Re7 60. h5 Re1 61. h6 Rg1+ 62. Kf6 Kc7 63. h7 1-0


[Site "https://www.chess.com"]

[Event "Titled Tuesday Blitz September 27 Early 2022"]
[White "Xiong, Jeffery"]
[Black "Hristodoulou, Panagiotis"]
[WhiteFideId "2047640"]
[BlackFideId "4214340"]
[WhiteElo "2714"]
[BlackElo "2172"]
[Result "1-0"]
[Round "02"]
[TimeControl "180+1"]
[Date "2022.09.27"]
[WhiteClock "0:00:57"]
[BlackClock "0:00:03"]

1. e4 e5 2. Nf3 Nc6 3. Nc3 Nf6 4. d4 exd4 5. Nxd4 Bb4 6. Nxc6 bxc6 7. Bd3 O-O 8. O-O d5 9. exd5 cxd5 10. h3 c6 11. Qf3 Bd6 12. Bf4 Rb8 13. b3 Be6 14. Ne2 Re8 15. Rfe1 c5 16. Rad1 a5 17. Bg5 h6 18. Bxf6 Qxf6 19. Qxf6 gxf6 20. Ng3 Bxg3 21. fxg3 a4 22. Rf1 axb3 23. axb3 c4 24. bxc4 dxc4 25. Bf5 Rb2 26. Rde1 Kg7 27. Rf4 h5 28. Rxc4 Rd8 29. Bxe6 fxe6 30. Rxe6 Rd2 31. g4 h4 32. g5 Rdxc2 33. gxf6+ Kf7 34. Rxc2 Rxc2 35. Re4 Kxf6 36. Rxh4 1-0


[Site "https://www.chess.com"]

[Event "Titled Tuesday Blitz September 27 Early 2022"]
[White "Xu, Yi"]
[Black "Marn, Jan"]
[WhiteFideId "8605564"]
[BlackFideId "14619245"]
[WhiteElo "2471"]
[BlackElo "2167"]
[Result "1-0"]
[Round "02"]
[TimeControl "180+1"]
[Date "2022.09.27"]
[WhiteClock "0:00:19"]
[BlackClock "0:00:02"]

1. b3 e5 2. Bb2 Nc6 3. c4 Nf6 4. g3 d5 5. Bg2 d4 6. a3 a5 7. d3 Bc5 8. Nd2 O-O 9. Ngf3 h6 10. O-O Bf5 11. Nh4 Bh7 12. Qc2 Nd7 13. Rae1 f5 14. e4 dxe3 15. fxe3 f4 16. Bd5+ Kh8 17. Ne4 Bxe3+ 18. Kh1 Nf6 19. Bxc6 bxc6 20. Bxe5 Nxe4 21. dxe4 fxg3 22. Nf5 Bxf5 23. exf5 Qg5 24. Bxg3 Rae8 25. Bxc7 Bc5 26. Rxe8 Rxe8 27. Bxa5 Re3 28. Bd2 Rf3 29. Bxg5 Rxf1+ 30. Kg2 Rg1+ 31. Kf3 Rxg5 32. b4 Bf8 33. c5 Rh5 34. b5 cxb5 35. c6 Rh3+ 36. Kg2 Rxa3 37. c7 1-0


[Site "https://www.chess.com"]